 Dungeon Crawl Stone Soup version 0.30-a0-414-gcb316572d5 (webtiles) character file.

Game seed: 9290236944036674938

23 vlino77 the Chopper (level 2, -4/27 HPs)
             Began as a Hill Orc Berserker on Dec 7, 2022.
             Was a Believer of Trog.
             Succumbed to Jessica's poison
             ... on level 2 of the Dungeon.
             The game lasted 00:03:49 (1117 turns).

vlino77 the Chopper (Hill Orc Berserker)            Turns: 1117, Time: 00:03:49

Health: -4/27      AC:  7    Str: 19    XL:     2   Next: 95%
Magic:  2/2        EV: 10    Int:  7    God:    Trog [**....]
Gold:   30         SH:  0    Dex: 10    Spells: 1/1 levels left

rFire   . . .      SeeInvis .    a - +0 hand axe
rCold   . . .      Faith    .    (no shield)
rNeg    . . .      Spirit   .    n - +0 scale mail
rPois   .          Reflect  .    m - +0 helmet
rElec   .          Harm     .    (no cloak)
rCorr   .          Rampage  .    (no gloves)
Will    .....                    (no boots)
Stlth   ..........               (no amulet)
HPRegen 0.24/turn                (no ring)
MPRegen 0.08/turn                (no ring)

@: lethally poisoned (-4 -> -28), attractive
A: no striking features
a: Renounce Religion, Berserk, Trog's Hand


You were on level 2 of the Dungeon.
You worshipped Trog.
Trog was pleased with you.
You visited 1 branch of the dungeon, and saw 2 of its levels.

You collected 30 gold pieces.

Inventory:

Hand Weapons
 a - a +0 hand axe (weapon)
Armour
 b - a +0 animal skin
 k - a +0 leather armour
 m - a +0 helmet (worn)
 n - a +0 scale mail (worn)
Jewellery
 d - a ring of magical power
Scrolls
 e - 4 scrolls of identify {unknown}
 g - a scroll of fear {unknown}
 h - a scroll of noise {unknown}
 i - a scroll of immolation {unknown}
 j - a scroll of brand weapon {unknown}
 l - a scroll of teleportation {unknown}
Potions
 c - a potion of might {unknown}
 f - a potion of attraction


   Skills:
 + Level 4.2 Fighting
 + Level 4.5 Axes
 + Level 2.3 Armour
 + Level 1.8 Dodging


You had one spell level left.
You didn't know any spells.
Your spell library was empty.

Dungeon Overview and Level Annotations

Branches:
Dungeon (2/15)

Altars:

Annotations:
D:2 Jessica


Message History

You see here a +0 scale mail.
n - a +0 scale mail Jessica the Apprentice Sorceress comes into view.
She is wielding a +4 dagger of venom.
You start removing your armour.
You continue taking off your +0 leather armour.
Jessica mumbles some strange words.
Jessica seems to speed up.
You continue taking off your +0 leather armour.
Jessica casts a spell.
Jessica blinks!
You continue taking off your +0 leather armour. x2
You finish taking off your +0 leather armour.
You start putting on your armour.
You continue putting on your +0 scale mail. x5
You finish putting on your +0 scale mail.
You hit Jessica but do no damage.
Jessica mumbles some strange words.
Jessica blinks!
A dart slug comes into view.
Jessica hits you with a +4 dagger of venom.
You are poisoned.
Jessica barely misses you.
You feel very sick. Jessica hits you but does no damage.
You are lethally poisoned!
You fail to use your ability.
You feel very sick.
Jessica mumbles some strange words.
Jessica blinks!
You feel very sick.
* * * LOW HITPOINT WARNING * * *
You feel very sick. Jessica closely misses you.
Jessica hits you with a +4 dagger of venom.
* * * LOW HITPOINT WARNING * * *
You are more poisoned.
Okay, then.
It was a potion of attraction.
You feel attractive to monsters.
You die...

.# ... ..........#...
...##.###.###.##.....
. #
#.#...........#.##.#
..#.
...##.###.##...##.#
..#
#.#.......#.#.##.#
...#...##.##...#..#.#
#.#.#.#...#.#.#.##..
#.@.#...#...#...#...
#@#.#...#.#.#.#...
#...##.##...#...
#.#..w....#.#.#..
...##.###.##... ...
#.#...... .w..#. ..
...##. ##.# #.# #.# .
... .. #. ## #.# # ..


You could see a dart slug and Jessica (fast).

Vanquished Creatures
  3 ball pythons (D:1)
  3 bats (D:1)
  2 endoplasms
  A giant cockroach (D:1)
  A goblin (D:1)
  A hobgoblin (D:1)
  3 kobolds (D:1)
  4 frilled lizards
  4 rats
22 creatures vanquished.

Vanquished Creatures (others)
  3 fungi (D:1)
  3 plants (D:1)
6 creatures vanquished.

Grand Total: 28 creatures vanquished

Notes
Turn   | Place    | Note
-------+----------+-------------------------------------------
     0 | D:1      | vlino77 the Hill Orc Berserker began the quest for the Orb.
     0 | D:1      | Reached XP level 1. HP: 19/19 MP: 1/1
   171 | D:1      | Found a faded altar of an unknown god.
   506 | D:1      | Reached XP level 2. HP: 26/27 MP: 2/2
  1075 | D:2      | Reached ** piety under Trog
  1099 | D:2      | Noticed Jessica
  1116 | D:2      | HP: 1/27 [Jessica/+4 dagger of venom (6)]
  1117 | D:2      | Succumbed to Jessica's poison

Illustrated notes

Levels and vault maps discovered:
D:1:      heliophobic_arrival_dark_side_of_the_moon, layout_loops_ring,
          shapermc_ecumenical_altar_ellora
D:2:      layout_basic, minmay_statues_item,
          nicolae_concentric_dashed_squares_mild, uniq_jessica

Skill      XL: |  1  2 |
---------------+-------+-----
Fighting       | 4 |  4.2
Axes           | |  4.5
Armour         | |  2.3
Dodging        | |  1.8

Action                   || total
-------------------------++-------
Melee: Hand axe          ||    86
       Punch             ||     2
  Use: Potion            ||     1
 Stab: Sleeping          ||     1
Armor: Animal skin       ||    17
       Leather armour    ||     3
       Scale mail        ||     1
Dodge: Dodged            ||    53

Table legend: (Time is in decaauts)
 A = Elapsed time spent in this place.
 B = Non-inter-level travel time spent in this place.
 C = Inter-level travel time spent in this place.
 D = Time resting spent in this place.
 E = Time spent auto-exploring this place.
 F = Levels seen in this place.
 G = Mean time per level.
                   A        B        C        D        E       F      G
               +--------+--------+--------+--------+--------+-----+--------+
         Total |   1124 |    383 |    741 |      0 |      5 |   2 |  562.0 |
       Dungeon |   1124 |    383 |    741 |      0 |      5 |   2 |  562.0 |
               +--------+--------+--------+--------+--------+-----+--------+

Top non-repeatable levels by time:
     D:1: 983 daAuts
     D:2: 141 daAuts
